 Dungeon Crawl Stone Soup version 0.30-a0-782-ge64f9170bb (webtiles) character file.

Game seed: 6092889785013465243

280 Angani the Conjurer (level 6, -2/67 HPs)
             Began as a Draconian Hedge Wizard on Mar 18, 2023.
             Killed by divine providence
             ... invoked by an orc priest
              (15 damage)
             ... on level 4 of the Dungeon.
             The game lasted 00:06:54 (4080 turns).

Angani the Conjurer (Draconian Hedge Wizard)        Turns: 4080, Time: 00:06:54

Health: -2/67      AC:  7    Str: 12    XL:     6   Next: 5%
Magic:  4/12       EV: 12    Int: 16    God:
Gold:   212        SH:  0    Dex: 11    Spells: 12/13 levels left

rFire   + . .      SeeInvis .    g - staff of fire
rCold   . . .      Faith    .    (no shield)
rNeg    . . .      Spirit   .    (body armour unavailable)
rPois   +          Reflect  .    b - +0 hat
rElec   .          Harm     .    (no cloak)
rCorr   .          Rampage  .    e - +0 pair of gloves
Will    .....                    (no boots) Stlth
                                 f - amulet of regeneration
HPRegen 1.11/turn                n - ring of poison resistance
MPRegen 0.13/turn                (no ring)

@: berserking (expiring), very quick
A: AC +6, unfitting armour, cold-blooded
a: no special abilities


You were on level 4 of the Dungeon.
You visited 1 branch of the dungeon, and saw 4 of its levels.

You collected 212 gold pieces.

Inventory:

Missiles
 h - 6 curare-tipped darts
Armour
 b - a +0 hat (worn)
 e - a +0 pair of gloves (worn)
Magical Staves
 g - a staff of fire (weapon)
 m - a staff of poison
Jewellery
 f - an amulet of regeneration (around neck)
 n - a ring of poison resistance (left hand)
Wands
 p - a wand of polymorph (10)
Scrolls
 a - 3 scrolls of teleportation
 d - 3 scrolls of immolation
 i - a scroll of enchant weapon
 l - 2 scrolls of vulnerability
Potions
 c - a potion of attraction {unknown}
 k - a potion of curing {unknown}
 o - 2 potions of mutation {unknown}


   Skills:
 - Level 1.7 Dodging
 - Level 1.7 Stealth
 + Level 4.2 Spellcasting
 * Level 4.7 Conjurations
 - Level 1.0 Summonings
 - Level 2.0 Translocations


You had 12 spell levels left.
You knew the following spells:

 Your Spells              Type           Power      Damage    Failure   Level
a - Magic Dart            Conj           72%        1d6       2%          1

Your spell library contained the following spells:

 Spells                   Type           Power      Damage    Failure   Level
 Blink                    Tloc           18%        N/A       11%         2
 Slow                     Hex            12%        N/A       17%         1
 Call Imp                 Summ           6%         N/A       17%         2
 Cigotuvi's Dreadful Rot  Necr/Pois/Air  6%         N/A       26%         2
 Mephitic Cloud           Conj/Pois/Air  8%         N/A       26%         3
 Summon Lightning Spire   Summ/Air       5%         N/A       80%         4
 Freezing Cloud           Conj/Ice/Air   4%         6-21      94%         5
 Simulacrum               Ice/Necr       1%         N/A       100%        6
 Storm Form               Tmut/Air       1%         N/A       100%        7
 Maxwell's Capacitive Co  Air            1%         ∞         100%        8
 Polar Vortex             Ice            1%         N/A       100%        9


Dungeon Overview and Level Annotations

Branches:
Dungeon (4/15)
 Temple: D:4-7

Altars:

Shops:
D:2 =

Annotations:
D:2 Terence


Innate Abilities, Weirdness & Mutations

Your plain brown scales are hard. (AC +6)
You cannot fit into any form of body armour.
You are cold-blooded and may be slowed by cold attacks.


Message History

There is an open door here.
The orc priest calls down the wrath of Beogh upon you.
Beogh smites you!
The orc priest calls upon Beogh to heal the orc priest.
The orc priest is healed somewhat.
The orc priest calls down the wrath of Beogh upon you.
Pain shoots through your body!
Okay, then.
You close the door.
The orc priest misses you.
You hit the orc priest but do no damage.
The orc priest is heavily wounded.
The orc priest hits you but does no damage.
You hit the orc priest but do no damage.
The orc priest is heavily wounded.
The orc priest calls down the wrath of Beogh upon you.
Beogh smites you!
A red film seems to cover your vision as you go berserk!
You feel yourself moving faster!
You feel mighty!
The orc priest hits you but does no damage.
An orc priest breaks down the door.
A dart slug comes into view.
You closely miss the orc priest. You tail-slap the orc priest!
You kill the orc priest!
The orc priest looks encouraged for a moment.
You have reached level 6!
Your scales feel tougher.
The orc priest calls down the wrath of Beogh upon you.
Pain shoots through your body!
* * * LOW HITPOINT WARNING * * *
There is a broken door here.
You hit the orc priest!
The orc priest is heavily wounded.
The orc barely misses you.
The orc priest hits you but does no damage.
You completely miss the orc priest.
The orc priest is heavily wounded.
The orc barely misses you.
The orc priest mumbles some strange prayers to Beogh against you.
Beogh smites you!
You die...

######.....#....#.
#...##.....#....#.
#...+......#....#.
#...##'#####....##
#...##.....#....#
#...##.....#....# ####
#...#......#....# .....
#)..'......#....#
......#@##########....#
......oo..............##
........................
....w.............####..
..................# #..
..................# #..
..................# #<.
...............)..# #..
......############# #.)


You could see an orc priest, a dart slug and an orc.

Vanquished Creatures
  2 orc priests
  An iguana (D:4)
  An orc wizard (D:4)
  4 adders
  6 gnolls
  2 worms
  3 dart slugs
  4 orcs
  4 ball pythons
  6 endoplasms
  3 giant cockroaches
  4 goblins
  6 hobgoblins
  3 jackals (D:1)
  2 quokkas
  3 bats
  A frilled lizard (D:1)
  4 kobolds
  7 rats
66 creatures vanquished.

Notes
Turn   | Place    | Note
-------+----------+-------------------------------------------
     0 | D:1      | Angani the Draconian Hedge Wizard began the quest for the
                  | Orb.
     0 | D:1      | Reached XP level 1. HP: 14/14 MP: 4/4
   308 | D:1      | Reached XP level 2. HP: 20/20 MP: 3/6
  1270 | D:2      | Noticed Terence
  1299 | D:2      | Found Voniag's Jewellery Boutique.
  1372 | D:2      | Reached XP level 3. HP: 18/26 MP: 1/7
  1769 | D:2      | Reached XP level 4. HP: 33/33 MP: 1/9
  2904 | D:3      | Reached XP level 5. HP: 36/38 MP: 5/10
  4078 | D:4      | Reached XP level 6. HP: 25/45 MP: 4/12
  4080 | D:4      | Killed from afar by an orc priest

Illustrated notes

Levels and vault maps discovered:
D:1:      heliophobic_arrival_ceremonial_halls, layout_basic
D:2:      layout_basic, serial_shops, shop_coins, uniq_terence
D:3:      layout_loops_ring
D:4:      layout_gridville, serial_shops, shop_fountains

Skill      XL: |  1  2  3  4  5 |
---------------+----------------+-----
Conjurations   | 2 3 4 |  4.7
Spellcasting   | 4 |  4.2
Translocations | 2 |  2.0
Dodging        | |  1.7
Stealth        | |  1.7
Summonings     | |  1.0

Action                     |  1- 3 |  4- 6 || total
---------------------------+-------+-------++-------
  Melee: Staff             |    14 |    28 ||    42
         Tailslap          |     2 |     8 ||    10
   Cast: Magic Dart        |    88 |   141 ||   229
    Use: Scroll            |     4 |     2 ||     6
         Potion            |       |     3 ||     3
 Armour: Skin              |    13 |    15 ||    28
  Dodge: Dodged            |    27 |    41 ||    68

Table legend: (Time is in decaauts)
 A = Elapsed time spent in this place.
 B = Non-inter-level travel time spent in this place.
 C = Inter-level travel time spent in this place.
 D = Time resting spent in this place.
 E = Time spent auto-exploring this place.
 F = Levels seen in this place.
 G = Mean time per level.
                   A        B        C        D        E       F      G
               +--------+--------+--------+--------+--------+-----+--------+
         Total |   4102 |   3984 |    118 |    636 |   2703 |   4 | 1025.5 |
       Dungeon |   4102 |   3984 |    118 |    636 |   2703 |   4 | 1025.5 |
               +--------+--------+--------+--------+--------+-----+--------+

Top non-repeatable levels by time:
     D:2: 1397 daAuts
     D:1: 1164 daAuts
     D:3: 1082 daAuts
     D:4: 458 daAuts
